 Dungeon Crawl Stone Soup version 0.31-a0-1308-ga3cce3a448 (webtiles) character file.

Game seed: 6112627347608379739

498 Dirtsage the Changeling (level 7, -8/45 HPs)
             Began as an Octopode Shapeshifter on Dec 19, 2023.
             Killed from afar by an orc wizard (14 damage)
             ... with a puff of flame
             ... on level 6 of the Dungeon.
             The game lasted 00:06:17 (3382 turns).

Dirtsage the Changeling (Octopode Shapeshifter)     Turns: 3382, Time: 00:06:17

Health: -8/45      AC:  1    Str: 20    XL:     7   Next: 16%
Magic:  2/7        EV: 14    Int: 12    God:
Gold:   227        SH:  5    Dex: 19    Spells: 6/6 levels left

rFire   . .          .
                       - Unarmed
rCold   . . .        (no shield)
rNeg    . . .        (helmet currently unavailable)
rPois   .            m - amulet of reflection
rElec   .            e - +6 ring of dexterity
rCorr   .            p - +6 ring of strength
SInv    .            (no ring)
Will    .....        (no ring)
Stlth   ++++         (no ring)
HPRegen 0.27/turn    (no ring)
MPRegen 0.10/turn    (no ring)
                     (no ring)

%: reflection
@: beast-form
A: beast (slay +3), almost no armour, amphibious, 8 rings, camouflage 1,
gelatinous body 1, nimble swimmer 1, tentacles
a: Begin Untransformation


You were on level 6 of the Dungeon.
You were a hulking beast.
You visited 1 branch of the dungeon, and saw 6 of its levels.

You collected 227 gold pieces.

Inventory:

Jewellery
 e - a +6 ring of dexterity (left tentacle)
 m - an amulet of reflection (around mantle)
 p - a +6 ring of strength (right tentacle)
Talismans
 b - a beast talisman
 c - a flux talisman
 x - a beast talisman
Wands
 z - a wand of iceblast (11)
 D - a wand of digging (6)
Scrolls
 f - a scroll of immolation {unknown}
 h - a scroll of acquirement {unknown}
 i - 4 scrolls of identify {unknown}
 n - 2 scrolls of noise {unknown}
 s - a scroll of enchant weapon {unknown}
 t - 2 scrolls of teleportation {unknown}
 u - a scroll of brand weapon {unknown}
 w - a scroll of fear {unknown}
 y - a scroll of blinking {unknown}
Potions
 a - a potion of lignification
 d - a potion of brilliance {unknown}
 g - 4 potions of degeneration {unknown}
 j - a potion of resistance {unknown}
 k - 3 potions of heal wounds {unknown}
 l - 2 potions of invisibility {unknown}
 o - 2 potions of mutation {unknown}
 q - a potion of ambrosia {unknown}
 r - 2 potions of cancellation {unknown}
 v - a potion of might {unknown}


   Skills:
 + Level 2.9 Fighting
 + Level 3.4 Dodging
 + Level 4.0 Unarmed Combat
 * Level 5.7 Shapeshifting


You had 6 spell levels left.
You didn't know any spells.
Your spell library contained the following spells:

 Spells                   Type           Power      Damage    Failure   Level
 Necrotise                Necr           0%         1d4       32%         1
 Lesser Beckoning         Tloc           0%         N/A       45%         2
 Gell's Gravitas          Tloc           0%         N/A       69%         3
 Ignite Poison            Fire/Tmut/Pois 0%         N/A       69%         3
 Inner Flame              Hex/Fire       0%         N/A       69%         3
 Teleport Other           Tloc           0%         N/A       69%         3
 Tukima's Dance           Hex            0%         N/A       69%         3
 Dimensional Bullseye     Hex/Tloc       0%         N/A       97%         4
 Iskenderun's Mystic Bla  Conj/Tloc      0%         2d3       97%         4
 Sticky Flame             Conj/Fire      0%         2d3       97%         4
 Ignition                 Fire           0%         3d3       100%        8
 Death's Door             Necr           0%         N/A       100%        9


Dungeon Overview and Level Annotations

Branches:
Dungeon (6/15)
 Temple: D:4-7

Altars:
Wu Jian

Annotations:
D:2 1 runed translucent door, Crazy Yiuf


Innate Abilities, Weirdness & Mutations

You are a hulking beast.
Your limbs bulge with bestial killing power. (Slay +3)
You cannot wear most types of armour.
You are amphibious.
You can wear up to eight rings at the same time.
Your skin changes colour to match your surroundings (Stealth+).
Your rubbery body absorbs attacks. (AC +1, EV +1)
You are camouflaged when in or above water. (Stealth+)
You have tentacles for arms and can constrict up to eight enemies at once.


Message History

The centaur unwields a +0 antimagic orcbow.
The centaur hits you. The centaur kicks you.
The centaur shoots an arrow.
The arrow barely misses you.
You take 3 damage, and have 25/41 hp.
You tentacle-slap the centaur.
The centaur is lightly wounded.
The centaur misses you. You block the centaur's attack.
The centaur shoots an arrow.
The arrow hits you! The centaur barely misses you. x2
You take 9 damage, and have 16/41 hp.
MASSIVE DAMAGE!!
You tentacle-slap the centaur. You squeeze the centaur!
The centaur is heavily wounded.
The centaur shoots an arrow.
The arrow barely misses you. You block the centaur's attack.
The centaur kicks you.
The orc wizard casts a spell.
The orc wizard flickers and vanishes!
Deactivating autopickup; reactivate with Ctrl-A.
You take 1 damage, and have 15/41 hp.
The centaur shoots an arrow.
You block the arrow with an invisible shield... and reflect it back!
The arrow hits the centaur.
Lightning courses through the centaur!
You kill the centaur!
The centaur closely misses you. The centaur kicks you.
Your Unarmed Combat skill increases to level 4!
You have reached level 7!
You barely miss the centaur. You squeeze the centaur!
The centaur is almost dead.
The centaur completely misses you. You block the centaur's attack.
The centaur hits you.
* * * LOW HITPOINT WARNING * * *
The centaur closely misses you.
A magic dart appears from out of thin air!
The magic dart hits you!
* * * LOW HITPOINT WARNING * * *
You take 10 damage, and have 6/45 hp.
MASSIVE DAMAGE!!
You tentacle-slap the centaur.
You kill the centaur!
You hear a splash.
The orc wizard casts a spell at you. The puff of flame hits you!
You die...

###############..#
≈.≈≈≈≈≈≈≈≈..$#......####
~≈≈~~~~~~≈≈#...........#
≈≈~≈≈≈≈≈≈~≈!...........#
≈~≈≈~~~~≈≈..#..[........
≈~≈~≈≈≈≈~≈≈##...........
≈~≈...$≈≈~≈##...........
≈~≈($o≈)≈~≈###)[........
≈≈...{§h≈~≈# #...#.#....
~≈≈≈≈~≈~≈~≈# #...#.#....
≈~~~~≈≈~≈~≈###.###.###.
≈≈≈≈≈≈~≈≈~≈...)# ....#
~~~~~~≈≈~≈≈.##.#######
≈≈≈≈≈≈≈.≈≈.$##.~≈≈≈≈≈~
###..........#.#######
##...........#.....#
##..........# #.###


You could see an orc wizard.

Vanquished Creatures
  A black bear (D:5)
  2 centaurs (D:6)
  A scorpion (D:4)
  2 jellies
  A hound (D:5)
  2 iguanas
  4 adders
  A shadow imp (D:5)
  A white imp (D:6)
  2 ufetubi (D:6)
  2 dart slugs
  5 orcs
  3 ball pythons
  8 bats
  2 endoplasms
  2 giant cockroaches
  3 goblins
  5 hobgoblins
  6 jackals
  10 kobolds
  5 quokkas
  3 frilled lizards
  6 rats
77 creatures vanquished.

Notes
Turn   | Place    | Note
-------+----------+-------------------------------------------
     0 | D:1      | Dirtsage the Octopode Shapeshifter began the quest for the
                  | Orb.
     0 | D:1      | Reached XP level 1. HP: 13/13 MP: 1/1
    76 | D:1      | Reached XP level 2. HP: 17/18 MP: 2/2
   706 | D:2      | Found a runed translucent door.
   707 | D:2      | Noticed Crazy Yiuf
   762 | D:2      | Found a faded altar of an unknown god.
   786 | D:2      | Reached XP level 3. HP: 16/23 MP: 3/3
   858 | D:2      | Reached skill level 4 in Shapeshifting
  2037 | D:4      | Reached XP level 4. HP: 13/28 MP: 4/4
  2190 | D:4      | Reached XP level 5. HP: 25/33 MP: 5/5
  2472 | D:4      | Got the Spellbook of Saltpetre
  2482 | D:4      | Reached skill level 5 in Shapeshifting
  2715 | D:5      | Entered Level 5 of the Dungeon
  2739 | D:5      | Reached XP level 6. HP: 28/39 MP: 6/6
  2794 | D:5      | Noticed a black bear
  2809 | D:5      | Killed a black bear
  2845 | D:5      | Found an ornate altar of the Wu Jian Council.
  3381 | D:6      | Reached XP level 7. HP: 16/45 MP: 2/7
  3382 | D:6      | Killed from afar by an orc wizard

Illustrated notes

Levels and vault maps discovered:
D:1:      saegor_arrival_miasma, layout_basic
D:2:      layout_rooms, shapermc_ecumenical_altar_pompeii,
          uniq_crazy_yiuf_cottage
D:3:      layout_basic, minmay_quantized
D:4:      layout_basic
D:5:      layout_rooms, mainiacjoe_overflow_catwalk
D:6:      nicolae_whirlpool, layout_cave_pods, grunt_decor_cap

Skill      XL: |  1  2  3  4  5  6 |
---------------+-------------------+-----
Shapeshifting  | 4 5 |  5.7
Fighting       | 2 |  2.9
Dodging        | 3 |  3.4
Unarmed Combat | 4 |  4.0

Action                     |  1- 3 |  4- 6 |  7- 9 || total
---------------------------+-------+-------+-------++-------
  Melee: Unarmed           |    82 |    70 |     2 ||   154
         Constrict         |    26 |    16 |       ||    42
         Tentacles         |    15 |    14 |     1 ||    30
         Punch             |     1 |     1 |       ||     2
   Stab: Sleeping          |     6 |     5 |       ||    11
         Distracted        |       |     1 |       ||     1
 Armour: Skin              |    28 |    34 |     3 ||    65
  Dodge: Dodged            |    35 |    44 |     2 ||    81
  Block: Other             |     8 |    20 |     1 ||    29
         Reflection        |       |     3 |       ||     3

Table legend: (Time is in decaauts)
 A = Elapsed time spent in this place.
 B = Non-inter-level travel time spent in this place.
 C = Inter-level travel time spent in this place.
 D = Time resting spent in this place.
 E = Time spent auto-exploring this place.
 F = Levels seen in this place.
 G = Mean time per level.
                   A        B        C        D        E       F      G
               +--------+--------+--------+--------+--------+-----+--------+
         Total |   3370 |   3258 |    112 |      0 |   2787 |   6 |  561.7 |
       Dungeon |   3370 |   3258 |    112 |      0 |   2787 |   6 |  561.7 |
               +--------+--------+--------+--------+--------+-----+--------+

Top non-repeatable levels by time:
     D:3: 778 daAuts
     D:4: 700 daAuts
     D:2: 681 daAuts
     D:5: 558 daAuts
     D:1: 546 daAuts
     D:6: 105 daAuts
